 Dungeon Crawl Stone Soup version 0.20-a0-217-g17e8ceb (webtiles) character file.

18260 Leszczynek the Carver (level 12, -3/88 HPs)
             Began as a Vampire Wanderer on Nov 28, 2016.
             Was an Elder of Kikubaaqudgha.
             Slain by a wolf (10 damage)
             ... on level 4 of the Lair of Beasts.
             The game lasted 01:38:04 (27252 turns).

Leszczynek the Carver (Vampire Wanderer)           Turns: 27252, Time: 01:38:05

Health: -3/88      AC:  0    Str: 12    XL:     12   Next: 26%
Magic:  12/15      EV: 28    Int: 16    God:    Kikubaaqudgha [****..]
Gold:   916        SH:  0    Dex: 21    Spells: 3/15 levels left

rFire  . . .     SeeInvis +     (weapon currently unavailable)
rCold  . . .     Gourm    .     (armour currently unavailable)
rNeg   + . .     Faith    .     (shield currently unavailable)
rPois  .         Spirit   .     (helmet currently unavailable)
rElec  .         Reflect  .     (cloak currently unavailable)
rCorr  .         Harm     .     (gloves currently unavailable)
MR     +....                    (boots currently unavailable)
Stlth  ++++++....               (no amulet)
                                (ring currently unavailable)
                                (ring currently unavailable)

@: bat-form, flying, very quick
A: fangs 3, see invisible, wild magic 1, (unbreathing)
a: End Transformation, Receive Corpses, Renounce Religion


You were on level 4 of the Lair of Beasts.
You worshipped Kikubaaqudgha.
Kikubaaqudgha was greatly pleased with you.
You were not thirsty.
You were in vampire-bat-form.
You visited 2 branches of the dungeon, and saw 15 of its levels.
You also visited: Sewer.

You collected 916 gold pieces.

Inventory:

Hand Weapons
 a - a +0 great sword (melded)
 b - a +0 dagger
 O - a +0 long sword
Missiles
 y - 7 javelins (quivered)
 B - 10 tomahawks
Armour
 o - a +1 ring mail (melded)
 K - a +2 buckler
 L - a cursed +0 pair of boots (melded)
 P - a +2 leather armour of fire resistance
Jewellery
 h - an uncursed ring of protection from magic
 r - a +3 ring of evasion (melded)
 M - a +3 ring of strength (melded)
Wands
 v - a wand of slowing (40/48)
 x - a wand of iceblast (7/15)
 G - a wand of heal wounds (2/9)
 N - a wand of random effects (20/48)
 Q - a wand of lightning (8/15)
Scrolls
 d - a scroll of recharging
 i - 2 scrolls of enchant weapon
 p - 3 scrolls of teleportation
 s - 7 scrolls of remove curse
 I - 2 scrolls of summoning
Potions
 c - a potion of degeneration {unknown}
 f - 13 potions of blood {@q0}
 g - 11 potions of curing
 l - 3 potions of haste
 m - 4 potions of brilliance
 q - a potion of resistance
 t - 2 potions of ambrosia
 w - 2 potions of magic
 z - 2 potions of cancellation
 C - a potion of mutation {unknown}
 D - a potion of heal wounds {unknown}
 E - 4 potions of might
 J - 2 potions of agility {unknown}
Books
 j - Kikubaaqudgha's Volume of Stolen Souls {god gift}
   (Kikubaaqudgha gifted it to you on level 9 of the Dungeon)

   Spells                             Type                      Level
   a - Excruciating Wounds            Charms/Necromancy            5
   b - Agony                          Necromancy                   5
   c - Cigotuvi's Embrace             Necromancy                   5
   d - Dispel Undead                  Necromancy                   5
   e - Simulacrum                     Ice/Necromancy               6
 k - a book of Necromancy

   Spells                             Type                      Level
   a - Pain                           Necromancy                   1
   b - Animate Skeleton               Necromancy                   1
   c - Vampiric Draining              Necromancy                   3
   d - Regeneration                   Charms/Necromancy            3
   e - Animate Dead                   Necromancy                   4
   f - Control Undead                 Necromancy                   4
 n - a book of Battle

   Spells                             Type                      Level
   a - Infusion                       Charms                       1
   b - Shroud of Golubria             Charms/Translocation         2
   c - Song of Slaying                Charms                       2
   d - Spectral Weapon                Hexes/Charms                 3
   e - Regeneration                   Charms/Necromancy            3
 A - a book of Minor Magic

   Spells                             Type                      Level
   a - Magic Dart                     Conjuration                  1
   b - Blink                          Translocation                2
   c - Call Imp                       Summoning                    2
   d - Repel Missiles                 Charms/Air                   2
   e - Slow                           Hexes                        2
   f - Conjure Flame                  Conjuration/Fire             3
   g - Mephitic Cloud                 Conjuration/Poison/Air       3
 H - Kikubaaqudgha's Papyrus of Unholy Secrets {god gift}
   (Kikubaaqudgha gifted it to you on level 6 of the Dungeon)

   Spells                             Type                      Level
   a - Pain                           Necromancy                   1
   b - Corpse Rot                     Necromancy                   2
   c - Sublimation of Blood           Necromancy                   2
   d - Vampiric Draining              Necromancy                   3
   e - Control Undead                 Necromancy                   4
Miscellaneous
 F - a fan of gales


   Skills:
 * Level 6.0 Fighting
 - Level 10.4(12.7) Short Blades
 + Level 11.3(12.6) Long Blades
   Level 1.5 Staves
 - Level 1.0 Throwing
 - Level 8.0 Dodging
 - Level 8.0 Stealth
 - Level 4.0 Shields
 - Level 2.0 Spellcasting
 - Level 8.0 Hexes
 - Level 5.0 Necromancy
   Level 1.0 Poison Magic
 - Level 1.0 Evocations


You had 3 spell levels left.
You knew the following spells:

 Your Spells              Type           Power        Failure   Level  Hunger
a - Animate Skeleton      Necr           N/A          4%          1    #......
b - Confuse               Hex            #####...     3%          3    ###....
c - Corpse Rot            Necr           N/A          8%          2    ###....
d - Tukima's Dance        Hex            #####...     3%          3    ###....
q - Regeneration          Chrm/Necr      ##........   28%         3    ###....


Dungeon Overview and Level Annotations

Branches:
Dungeon (11/15)            Temple (0/1) D:6            Lair (4/6) D:10
 Shoals (0/4) Lair:2        Snake (0/4) Lair:3
    Orc: D:9-12

Altars:
Ashenzari
Dithmenos
Hepliaklqana
Kikubaaqudgha
Makhleb
Nemelex Xobeh
Qazlal
Uskayaw
Xom
Yredelemnul

Shops:
D:4 %

Annotations:
D:6 exclusion: ogre, Sigmund
D:9 exclusions: manticore and 4 more exclusions
D:10 cyan ugly thing, gargoyle, exclusion: upstairs
Lair:1 exclusion: downstairs
Lair:2 5h hydra roaming, exclusion: oklob plant


Innate Abilities, Weirdness & Mutations

You have razor-sharp teeth.
You have supernaturally acute eyesight. (SInv)
((You can survive without breathing.))
Your spells are a little harder to cast, but a little more powerful.


Message History

Your +0 great sword melds into your body.
Your cursed +0 pair of boots melds into your body.
Your +1 ring mail melds into your body.
Your +3 ring of evasion melds into your body.
Your +3 ring of strength melds into your body.
You feel weaker.
The death yak is engulfed in dark miasma.
The death yak looks as sick as possible!
You hit the wolf but do no damage. Your bite misses the wolf.
The wolf is lightly wounded.
The wolf misses you. x2
You hit the wolf.
The wolf is lightly wounded.
The wolf completely misses you. The death yak gores you!!
* * * LOW HITPOINT WARNING * * *
Unknown command.
Okay, then.
The wolf bites you!
You die...
Kikubaaqudgha rasps: "You have failed me!
Welcome... oblivion!"

...................)....
.................####.#.
##.#.P.##P....### ##
.##.###.###...######
..........#...+.....
.#.......#.....#....
.##......#P.........
...............###.
.#.....bh##....##
######..##Yh...###
...##.Y##Yh......
.........÷YY.......
.##########h##.#..# ###
#.### ##


You could see a death yak and a wolf.

Vanquished Creatures
  An unseen horror (D:10)
  Nergalle (D:10)
  A merfolk siren (Lair:2)
  3 black mambas
  An elephant (D:9)
  8 spiny frogs
  2 komodo dragons (Lair:3)
  A rime drake (Lair:2)
  3 merfolk (Lair:2)
  A troll (D:8)
  5 hippogriffs
  A shadow (D:10)
  13 yaks
  2 basilisks
  2 nagas (Lair:3)
  11 water moccasins
  4 ice beasts
  9 porcupines
  2 orc warriors
  2 eyes of draining
  5 sky beasts
  A phantom (D:10)
  A wolf (Lair:4)
  A necrophage (D:10)
  7 ogres
  3 centaurs
  7 crocodiles
  11 bullfrogs
  A gnoll sergeant (D:8)
  4 scorpions
  11 killer bees
  3 howler monkeys
  4 crimson imps
  3 centaur zombies
  5 jellies
  3 orc priests
  2 bullfrog zombies
  4 hounds
  8 orc wizards
  3 bullfrog skeletons
  A centaur skeleton (D:8)
  Ijyb (D:3)
  3 iguanas
  11 worker ants
  2 killer bee zombies (D:8)
  A hound zombie (D:5)
  2 hound skeletons
  A howler monkey zombie (D:8)
  3 gnolls (D:8)
  A howler monkey skeleton (D:7)
  18 adders
  2 river rats
  3 shadow imps
  2 oozes
  2 adder zombies
  2 worms
  5 dart slugs
  8 leopard geckos
  41 orcs
  9 bats
  4 giant cockroaches
  2 gnoll zombies (D:3)
  4 hobgoblins
  10 jackals
  6 kobolds
  4 quokkas
  4 ball pythons (Sewer)
  16 frilled lizards
  7 goblins
  A leopard gecko zombie (D:5)
  A quokka skeleton (D:6)
  18 rats
355 creatures vanquished.

Vanquished Creatures (collateral kills)
  2 nagas (Lair:3)
2 creatures vanquished.

Vanquished Creatures (others)
  A dancing weapon (Lair:3)
  A human simulacrum (D:11)
  5 fungi (Lair:2)
  4 plants
11 creatures vanquished.

Grand Total: 368 creatures vanquished

Notes
Turn   | Place    | Note
-------+----------+-------------------------------------------
     0 | D:1      | Leszczynek the Vampire Wanderer began the quest for the Orb.
     0 | D:1      | Leszczynek set off with: a book of Necromancy, the Grimoire of Battle Magic, Egoibya's Collected Works on Poisoning, a +0 robe, a +0 dagger, a potion of blood {@q0}
     0 | D:1      | Reached XP level 1. HP: 15/15 MP: 3/3
     0 | D:1      | Identified the Grimoire of Battle Magic
     0 | D:1      | Identified Egoibya's Collected Works on Poisoning
     3 | D:1      | Learned a level 1 spell: Pain
    69 | D:1      | Reached skill level 1 in Short Blades
   306 | D:1      | Reached XP level 2. HP: 12/21 MP: 1/5
   473 | D:1      | Reached skill level 2 in Short Blades
  1149 | D:1      | Reached XP level 3. HP: 20/26 MP: 6/6
  1269 | D:1      | Reached skill level 3 in Short Blades
  1515 | D:1      | Learned a level 3 spell: Regeneration
  1520 | D:1      | Learned a level 1 spell: Animate Skeleton
  1916 | D:2      | Found a sparkling altar of Nemelex Xobeh.
  2037 | D:2      | Found a hide-covered altar of Uskayaw.
  2047 | D:2      | Reached skill level 1 in Dodging
  2116 | D:2      | Reached XP level 4. HP: 27/32 MP: 7/7
  2334 | D:2      | Found a shadowy altar of Dithmenos.
  2479 | D:3      | Reached skill level 4 in Short Blades
  2541 | D:2      | Reached skill level 2 in Dodging
  2840 | D:3      | Noticed Ijyb
  3228 | D:3      | Reached XP level 5. HP: 34/37 MP: 8/8
  3279 | D:3      | Killed Ijyb
  3293 | D:3      | oh, +7
  3293 | D:3      | no wonder she hit so hard
  3485 | D:3      | Reached skill level 5 in Short Blades
  3683 | D:3      | Found a sparkling altar of Nemelex Xobeh.
  3963 | D:3      | Found a basalt altar of Yredelemnul.
  4283 | D:4      | Reached XP level 6. HP: 14/43 MP: 9/9
  4707 | D:5      | Entered Level 5 of the Dungeon
  4785 | D:4      | Reached skill level 6 in Short Blades
  5010 | D:4      | Reached skill level 3 in Dodging
  5146 | D:4      | Found Tuelyext's Food Shoppe.
  5747 | D:5      | Found an ancient bone altar of Kikubaaqudgha.
  5801 | D:5      | hmm
  5801 | D:5      | Became a worshipper of Kikubaaqudgha
  6173 | D:5      | Reached XP level 7. HP: 31/49 MP: 10/10
  6501 | D:4      | Reached skill level 7 in Short Blades
  7694 | D:5      | Reached skill level 2 in Fighting
  7923 | D:5      | Gained mutation: Your spells are a little harder to cast, but a little more powerful. [potion of beneficial mutation]
  8094 | D:6      | Noticed Sigmund
  8154 | D:6      | Learned a level 3 spell: Confuse
  8479 | D:6      | Found a staircase to the Ecumenical Temple.
  8566 | D:6      | Found a glowing drain.
  8613 | Sewer    | Entered a sewer
  8636 | Sewer    | Reached skill level 1 in Hexes
  9231 | D:6      | Reached skill level 2 in Hexes
  9360 | D:6      | Reached skill level 4 in Hexes
  9572 | D:6      | Reached * piety under Kikubaaqudgha
  9572 | D:6      | Identified Kikubaaqudgha's Papyrus of Unholy Secrets {god gift} (Kikubaaqudgha gifted it to you on level 6 of the Dungeon)
  9572 | D:6      | Received a gift from Kikubaaqudgha
  9576 | D:6      | Learned a level 2 spell: Corpse Rot
  9694 | D:6      | Reached skill level 5 in Hexes
  9840 | D:6      | Reached skill level 6 in Hexes
 10171 | D:7      | Reached skill level 7 in Hexes
 10171 | D:7      | Reached XP level 8. HP: 56/56 MP: 5/11
 10457 | D:7      | Reached skill level 8 in Hexes
 10605 | D:7      | Reached skill level 3 in Necromancy
 10755 | D:7      | Reached skill level 4 in Dodging
 11270 | D:8      | Reached skill level 4 in Necromancy
 11588 | D:8      | Reached skill level 3 in Fighting
 11911 | D:8      | Noticed a troll
 11923 | D:8      | Noticed a hippogriff
 11968 | D:8      | Killed a hippogriff
 12162 | D:8      | Noticed a hippogriff
 12163 | D:8      | Found a shimmering altar of Xom.
 12163 | D:8      | Found a shimmering altar of Xom.
 12163 | D:8      | Found a shimmering altar of Xom.
 12163 | D:8      | Found a shimmering altar of Xom.
 12164 | D:8      | Found a shimmering altar of Xom.
 12164 | D:8      | Found a shimmering altar of Xom.
 12263 | D:8      | Noticed a raiju
 12263 | D:8      | a soldier ant changed into a raiju
 12851 | D:7      | Reached skill level 8 in Short Blades
 12851 | D:7      | Reached skill level 5 in Dodging
 12851 | D:7      | Reached XP level 9. HP: 56/63 MP: 12/12
 12964 | D:8      | Reached skill level 5 in Necromancy
 13238 | D:8      | Reached ** piety under Kikubaaqudgha
 13589 | D:8      | Killed a troll
 14585 | D:8      | Reached skill level 9 in Short Blades
 14597 | D:8      | Reached skill level 4 in Fighting
 14852 | D:7      | Reached skill level 6 in Dodging
 15020 | D:8      | Found a hazy altar of Hepliaklqana.
 15029 | D:8      | Noticed an azure jelly
 15187 | D:8      | Reached skill level 10 in Short Blades
 15230 | D:9      | Noticed a manticore
 15322 | D:9      | Found a burning altar of Makhleb.
 15546 | D:9      | Reached XP level 10. HP: 71/73 MP: 6/13
 15616 | D:9      | Found a stormy altar of Qazlal.
 15638 | D:9      | Found a shattered altar of Ashenzari.
 15735 | D:9      | Reached skill level 1 in Shields
 16027 | D:9      | Reached *** piety under Kikubaaqudgha
 16027 | D:9      | Identified Kikubaaqudgha's Volume of Stolen Souls {god gift} (Kikubaaqudgha gifted it to you on level 9 of the Dungeon)
 16027 | D:9      | Received a gift from Kikubaaqudgha
 16027 | D:9      | Reached skill level 2 in Shields
 16502 | D:10     | Entered Level 10 of the Dungeon
 16536 | D:10     | Found a sparkling altar of Nemelex Xobeh.
 16540 | D:10     | Found a staircase to the Lair.
 16540 | D:10     | Noticed an elephant
 16593 | D:9      | Killed an elephant
 16593 | D:9      | Reached skill level 3 in Shields
 16907 | D:9      | Reached skill level 4 in Shields
 17021 | D:9      | Reached skill level 1 in Long Blades
 17167 | D:9      | Reached skill level 5 in Fighting
 17193 | D:10     | Reached skill level 2 in Long Blades
 17421 | D:10     | Reached skill level 7 in Dodging
 17666 | D:10     | Got a jewelled glaive {chop}
 17672 | D:10     | Identified the +8 glaive "Doitzear" {chop, MR- Str+3 Int+2 Stlth+} (You took it off an orc on level 10 of the Dungeon)
 17673 | D:10     | :/
 17673 | D:10     | okay
 17673 | D:10     | i'll tell myself it's nothing lost because of the MR-
 17673 | D:10     | yeah
 17673 | D:10     | it's bad, nothing to regret
 17673 | D:10     | yep
 17728 | D:10     | Reached skill level 3 in Long Blades
 17976 | D:10     | Noticed Nergalle
 17977 | D:10     | sdfseagagag
 18600 | D:10     | Reached skill level 4 in Long Blades
 18954 | D:11     | Noticed a gargoyle
 19126 | D:11     | speedrunning here
 19132 | D:11     | Noticed a hill giant
 19298 | D:10     | Killed Nergalle
 19298 | D:10     | Reached skill level 5 in Long Blades
 19377 | D:11     | Noticed an unseen horror
 19401 | D:10     | Reached skill level 6 in Long Blades
 19618 | D:10     | Killed an unseen horror
 19639 | D:11     | Noticed a hill giant
 19978 | D:10     | Reached XP level 11. HP: 80/80 MP: 14/14
 20024 | D:10     | Reached skill level 7 in Long Blades
 20508 | D:11     | Reached **** piety under Kikubaaqudgha
 20544 | D:10     | HP: 8/80 [gargoyle/stone arrow (16)]
 21081 | D:11     | Noticed a brown ugly thing
 21846 | Lair:1   | Entered Level 1 of the Lair of Beasts
 22189 | Lair:1   | Reached skill level 8 in Long Blades
 22990 | Lair:2   | Noticed an oklob plant
 23380 | Lair:2   | Reached skill level 9 in Long Blades
 24212 | Lair:2   | Reached skill level 1 in Stealth
 24247 | Lair:2   | Reached skill level 2 in Stealth
 24322 | Lair:2   | Reached skill level 10 in Long Blades
 24322 | Lair:2   | Reached skill level 3 in Stealth
 24402 | Lair:2   | Reached skill level 4 in Stealth
 24504 | Lair:2   | Reached skill level 5 in Stealth
 24866 | Lair:2   | Reached skill level 6 in Stealth
 25015 | Lair:2   | Noticed a five-headed hydra
 25128 | Lair:2   | Found a staircase to the Shoals.
 25384 | Lair:1   | Reached skill level 7 in Stealth
 25412 | Lair:2   | Reached skill level 8 in Dodging
 25536 | Lair:3   | Reached XP level 12. HP: 86/86 MP: 12/15
 25710 | Lair:3   | Learned a level 3 spell: Tukima's Dance
 25887 | Lair:3   | Found a staircase to the Snake Pit.
 26286 | Lair:3   | Reached skill level 8 in Stealth
 27021 | Lair:3   | Reached skill level 11 in Long Blades
 27235 | Lair:4   | Noticed a death yak
 27237 | Lair:4   | Noticed a death yak
 27237 | Lair:4   | Noticed a death yak
 27237 | Lair:4   | Reached skill level 6 in Fighting
 27239 | Lair:4   | Noticed a death yak
 27241 | Lair:4   | Noticed a death yak
 27251 | Lair:4   | HP: 7/88 [death yak (26)]
 27252 | Lair:4   | Slain by a wolf

Vault maps used:
D:1:      ncdulo_smallfort, serial_park_tiny_2
D:2:      eat_drink_and_be_merry_uskayaw, marbit_many_paths, first_bread,
          nemelex_lonely_heart_becter
D:3:      old_standard_altar, lemuel_zombie_altar_yredelemnul, uniq_iyjb
D:4:      serial_shops, shop
D:5:      kiku_gazebo_garden_becter
D:6:      portal_sewer_entry_b, serial_bayou_crossing, uniq_sigmund
D:8:      xom_shifter_show, lemuel_crystal_altar
D:9:      nicolae_ashenzari_panopticon, kennysheep_little_box,
          grunt_qazlal_clouds
D:10:     david_lair_generic, basic_altar, grunt_pizzeria, uniq_nergalle
D:11:     serial_shops, kennysheep_mini, bh_circular_ruins
Lair:2:   elwin_shoals_entry_stream, beast_lair_carwin_1,
          minmay_lair_oklob_chamber
Lair:3:   minmay_snake_entry_guardpost_small, lemuel_fruit_fields
Sewer:    sewer_co_cracked_pipes

Skill      XL: |  1  2  3  4  5  6  7  8  9 10 11 12 |
---------------+-------------------------------------+-----
Short Blades   | 1 2 3 4 5 6 7 8 10 | 10.4
Dodging        | 1 2 3 5 6 7 8 |  8.0
Fighting       | 2 3 4 5 6 |  6.0
Hexes          | 7 8 |  8.0
Necromancy     | 4 5 |  5.0
Shields        | 4 |  4.0
Long Blades    | 6 10 11 | 11.3
Stealth        | 7 8 |  8.0
Staves         | |  1.5
Throwing       | |  1.0
Spellcasting   | |  2.0
Poison Magic   | |  1.0
Evocations     | |  1.0

Action                   |  1- 3 |  4- 6 |  7- 9 | 10-12 || total
-------------------------+-------+-------+-------+-------++-------
Melee: Dagger            |    44 |       |       |   102 ||   146
       Bite              |    14 |    41 |   105 |   139 ||   299
       Short sword       |   112 |   396 |   930 |   450 ||  1888
       Long sword        |       |       |       |   337 ||   337
       Great sword       |       |       |       |   137 ||   137
       Unarmed           |       |       |       |     2 ||     2
Throw: Javelin           |       |       |     7 |     4 ||    11
 Cast: Pain              |     4 |       |       |       ||     4
       Confuse           |       |       |    40 |   100 ||   140
       Corpse Rot        |       |       |     1 |     9 ||    10
       Tukima's Dance    |       |       |       |     8 ||     8
Invok: Receive Corpses   |       |       |       |     6 ||     6
 Abil: Bat Form          |       |     2 |    13 |    14 ||    29
       End Transformatio |       |     2 |    13 |    13 ||    28
Evoke: Wand              |       |       |     1 |     2 ||     3
  Use: Potion            |     2 |    13 |    29 |    35 ||    79
       Scroll            |     2 |     7 |    10 |    11 ||    30
 Stab: Sleeping          |     3 |     3 |     5 |     4 ||    15
       Confused          |       |       |    22 |    78 ||   100
       Distracted        |       |       |     1 |     1 ||     2
Armor: Robe              |    22 |       |       |       ||    22
       Ring mail         |    36 |    82 |   100 |   102 ||   320
Dodge: Dodged            |   100 |   200 |   426 |   551 ||  1277
Block: Buckler           |       |       |       |   113 ||   113
       Rpst.: Long sword |       |       |       |    65 ||    65
       Great sword       |       |       |       |    25 ||    25
